 Dungeon Crawl Stone Soup version 0.31-a0-222-gefeffbb62a (webtiles) character file.

Game seed: 16191091165983499912

660 qw the Chopper (level 7, -5/43 HPs)
             Began as a Gargoyle Fighter on July 5, 2023.
             Killed by divine providence
             ... invoked by an orc priest
              (10 damage)
             ... on level 4 of the Dungeon.
             The game lasted 00:02:08 (4146 turns).

qw the Chopper (Gargoyle Fighter)                   Turns: 4146, Time: 00:02:08

Health: -5/43      AC: 12    Str: 28    XL:     7   Next: 56%
Magic:  7/7        EV: 10    Int:  8    God:
Gold:   189        SH:  4    Dex:  9    Spells: 6/6 levels left

rFire   . . .        Y - +2 war axe
rCold   . . .        c - +0 buckler
rNeg    + . .        b - +0 scale mail
rPois   inf          (no helmet)
rElec   +            h - +0 cloak
rCorr   .            (no gloves)
SInv    .            (no boots)
Will    .....        (no amulet) Stlth
                     f - +6 ring of strength
HPRegen 0.27/turn    (no ring)
MPRegen 0.10/turn

%: no passive effects
@: about to teleport
A: sickness immunity, AC +4, negative energy resistance 1, electricity
resistance, torment resistance 1, petrification resistance
a: no special abilities


You were on level 4 of the Dungeon.
You visited 1 branch of the dungeon, and saw 4 of its levels.

You collected 189 gold pieces.


Innate Abilities, Weirdness & Mutations

You are immune to sickness and miasma.
Your stone body is resilient. (AC +4)
You are immune to poison.
You resist negative energy. (rN+)
You are resistant to electric shocks. (rElec)
You are resistant to unholy torment.
You are immune to petrification.


   Skills:
 - Level 4.0 Fighting
 + Level 6.7 Axes
 - Level 2.1 Throwing
 - Level 3.2 Armour
 - Level 1.0 Dodging
 - Level 3.2 Shields


You had 6 spell levels left.
You didn't know any spells.
Your spell library was empty.

Inventory:

Hand Weapons
 l - a +0 morningstar
 Y - a +2 war axe (weapon)
Missiles
 m - 2 boomerangs (quivered)
Armour
 b - a +0 scale mail (worn)
 c - a +0 buckler (worn)
 e - a +0 plate armour
 h - a +0 cloak (worn)
Jewellery
 f - a +6 ring of strength (left hand)
Wands
 n - a wand of digging (3)
Scrolls
 g - a scroll of vulnerability {unknown}
 k - a scroll of identify
 p - a scroll of immolation {unknown}
Potions
 d - a potion of might
 i - a potion of heal wounds
 j - a potion of ambrosia {unknown}
 o - a potion of enlightenment {unknown}
 q - a potion of curing {unknown}

Dungeon Overview and Level Annotations

Branches:
Dungeon (4/15)             Temple (0/1) D:4

Altars:
Ashenzari
Nemelex Xobeh
Ru
Vehumet
Xom
Yredelemnul

Shops:
D:4 [

Annotations:
D:3 1 transporter
D:4 Edmund


Message History

The orc priest wields a +0 sling.
The orc priest shoots a sling bullet.
The sling bullet misses you.
You barely miss the iguana.
The iguana is lightly wounded.
You hit the orc but do no damage. The iguana bites you.
You block the orc's attack.
The orc priest shoots a sling bullet.
You closely miss the iguana.
The iguana is lightly wounded.
You slash the orc!
You kill the orc!
You closely miss something.
The orc zaps a wand.
The bolt of light hits something!
The bolt of light hits you!
The iguana bites you but does no damage.
The orc priest shoots a sling bullet.
The sling bullet misses you.
You slash the iguana!
The iguana is heavily wounded.
You hit something.
The orc zaps a wand.
The bolt of light hits you. The iguana misses you.
The iguana barely misses you.
You completely miss the iguana.
The iguana is heavily wounded.
You barely miss the orc priest.
The orc priest unwields a +0 sling.
The orc priest wields a +0 club.
You block the orc priest's attack.
The iguana bites you but does no damage.
You completely miss the iguana.
The iguana is heavily wounded.
You barely miss the orc priest.
The orc zaps a wand.
The bolt of light hits you! You block the iguana's attack.
You block the orc priest's attack.
4146 ||| READING scroll of teleportation.
As you read the scroll of teleportation, it crumbles to dust.
You feel strangely unstable.
The orc throws a stone.
The stone hits you.
The iguana bites you but does no damage.
The orc priest calls down the wrath of Beogh upon you.
Beogh smites you!
You die...

#............#...#...
#............#...#...
#............#._.#...
#............#...#...
#............#...#...
#............#...#...
#|...........##.##...
#...ol...............
#...@.o.....#...#....
#######.....#...#....
.....#...#....
.#...#.... +...#....
#...#.... #...#....
#####


You could see an iguana, an orc priest and an orc.

Vanquished Creatures
  Grinder (D:4)
  An ogre (D:3)
  Natasha (thrice) (D:2)
  2 orc wizards
  Terence (D:2)
  A statue (D:4)
  3 gnolls (D:4)
  5 adders
  3 worms
  2 dart slugs
  17 orcs
  6 endoplasms
  5 giant cockroaches
  6 goblins
  10 hobgoblins
  15 jackals
  7 kobolds
  5 quokkas
  9 ball pythons
  2 bats
  6 frilled lizards
  4 rats
114 creatures vanquished.

Notes
Turn   | Place    | Note
-------+----------+-------------------------------------------
     0 | D:1      | qw the Gargoyle Fighter began the quest for the Orb.
     0 | D:1      | Reached XP level 1. HP: 14/14 MP: 1/1
     0 | D:1      | 0 ||| qw: Version: 0.3-a-46-gb1f654a
     0 | D:1      | 0 ||| qw: Game counter: 1075
     0 | D:1      | 0 ||| qw: Melee chars always use a shield: true
     0 | D:1      | 0 ||| qw: God list: Okawaru
     0 | D:1      | 0 ||| qw: Allow faded altars: false
     0 | D:1      | 0 ||| qw: Do Orc after clearing Dungeon:15 true
     0 | D:1      | 0 ||| qw: Do second Lair branch before Depths: true
     0 | D:1      | 0 ||| qw: Lair rune preference: random
     0 | D:1      | 0 ||| qw: Goals: Normal, Zot:1-4, Slime:5, God:TSO, Crypt,
                  | Tomb, Abyss, Pan, Hells, Win
     0 | D:1      | 0 ||| PLANNING D:1-11
    59 | D:1      | Reached skill level 2 in Axes
   279 | D:1      | Reached XP level 2. HP: 15/19 MP: 2/2
   718 | D:1      | 718 ||| Stepping ~*~*~tactically~*~*~ (stealth).
   725 | D:1      | Reached skill level 3 in Axes
   770 | D:1      | Reached XP level 3. HP: 20/23 MP: 3/3
   881 | D:1      | 881 ||| UPGRADING to +0 cloak.
   886 | D:1      | 886 ||| UPGRADING to +6 ring of strength.
   887 | D:1      | 887 ||| DROPPING ring of magical power.
   888 | D:1      | 888 ||| READING 2 scrolls labelled CYZIANLIMISH.
   889 | D:1      | 889 ||| READING scroll labelled TEPER KAZXUI.
   890 | D:1      | 890 ||| DROPPING scroll of revelation.
  1087 | D:2      | Found a shimmering altar of Xom.
  1304 | D:2      | 1304 ||| Stepping ~*~*~tactically~*~*~ (hiding).
  1479 | D:2      | Reached XP level 4. HP: 28/28 MP: 4/4
  1513 | D:2      | Reached skill level 4 in Axes
  1550 | D:2      | Noticed Natasha
  1557 | D:2      | Killed Natasha
  1652 | D:2      | Noticed Terence
  1665 | D:2      | Killed Terence
  1666 | D:2      | Reached XP level 5. HP: 32/32 MP: 5/5
  1673 | D:2      | 1673 ||| DROPPING +0 mace.
  1727 | D:2      | Noticed Natasha
  1733 | D:2      | Killed Natasha
  1927 | D:2      | Noticed Natasha
  1935 | D:2      | Killed Natasha
  1936 | D:2      | Reached skill level 5 in Axes
  2038 | D:2      | Found a faded altar of an unknown god.
  2223 | D:2      | 2223 ||| READING 2 scrolls labelled ZUIREKUSIN.
  2226 | D:2      | 2226 ||| READING scroll labelled QIHAPH KANWEY.
  2227 | D:2      | 2227 ||| READING scroll labelled NOKINO KY GUN.
  2345 | D:3      | Found a basalt altar of Yredelemnul.
  2438 | D:3      | Reached skill level 1 in Dodging
  2549 | D:3      | Reached XP level 6. HP: 23/38 MP: 6/6
  2608 | D:3      | 2608 ||| DROPPING +0 flail.
  2675 | D:3      | Found a sacrificial altar of Ru.
  2730 | D:3      | Found a broken altar of Ashenzari.
  3103 | D:3      | 3103 ||| READING scroll of enchant weapon.
  3103 | D:3      | 3103 ||| ENCHANTING +1 war axe.
  3109 | D:3      | Found a sparkling altar of Nemelex Xobeh.
  3109 | D:3      | Found a transporter.
  3317 | D:3      | 3317 ||| Stepping ~*~*~tactically~*~*~ (stealth).
  3319 | D:3      | 3319 ||| Stepping ~*~*~tactically~*~*~ (stealth).
  3478 | D:3      | 3478 ||| READING 2 scrolls labelled YROUKIRERCH.
  3479 | D:3      | 3479 ||| READING scroll labelled ELIURU XANI.
  3480 | D:3      | 3480 ||| READING 2 scrolls labelled TUVUFE XEURU.
  3481 | D:3      | 3481 ||| READING scroll labelled GUSHUACV POUVE.
  3511 | D:3      | 3511 ||| READING scroll labelled REICUEL GIPIEZ.
  3512 | D:3      | 3512 ||| READING scroll labelled IRASACV TAAWN.
  3513 | D:3      | 3513 ||| DRINKING 3 coppery potions.
  3514 | D:3      | 3514 ||| DROPPING scroll of amnesia.
  3522 | D:4      | Found a staircase to the Ecumenical Temple.
  3523 | D:4      | 3523 ||| PLANNING SEWER
  3711 | D:4      | Noticed Edmund
  3723 | D:4      | HP: 8/38 [Edmund/+2 dire flail of draining (6)]
  3724 | D:4      | 3724 ||| READING 2 scrolls of teleportation.
  3725 | D:4      | 3725 ||| DRINKING 2 potions of heal wounds.
  3726 | D:4      | Found Avaff's Armour Boutique.
  3781 | D:4      | 3781 ||| Stepping ~*~*~tactically~*~*~ (stealth).
  3793 | D:4      | 3793 ||| SHOPLISTING +6 scale mail of Quantum Leap {rPois
                  | Will+ Str-5 SInv} (489 gold, have 169).
  3831 | D:4      | Reached XP level 7. HP: 34/43 MP: 7/7
  3872 | D:4      | Noticed Grinder
  3892 | D:4      | Killed Grinder
  3893 | D:4      | Reached skill level 6 in Axes
  4028 | D:4      | Found a radiant altar of Vehumet.
  4139 | D:4      | 4139 ||| RIP SEWER
  4140 | D:4      | 4140 ||| PLANNING TEMPLE
  4145 | D:4      | HP: 6/43 [orc/bolt of light (12)]
  4146 | D:4      | 4146 ||| READING scroll of teleportation.
  4146 | D:4      | Killed from afar by an orc priest

Levels and vault maps discovered:
D:1:      dpeg_arrival_erosion, layout_basic, minivault_19
D:2:      layout_basic, basic_altar, hellmonk_ecumenical_altar_crossroads,
          uniq_terence, uniq_natasha
D:3:      layout_basic, grunt_nemelex_the_gamble, mainiacjoe_overflow_24_doors,
          lemuel_tele_altar, yredelemnul_altar_generic, serial_bayou_crossing
D:4:      layout_gridville, vehumet_statue, zin_purify,
          minmay_temple_entry_gardened_gates, portal_sewer_entry_d,
          serial_shops, nicolae_shop_temple_entry_statues_fountains,
          uniq_edmund, uniq_grinder

Skill      XL: |  1  2  3  4  5  6  7 |
---------------+----------------------+-----
Axes           | 2 3 4 5 6 |  6.7
Dodging        | 1 |  1.0
Fighting       | 4 |  4.0
Throwing       | 2 |  2.1
Armour         | |  3.2
Shields        | |  3.2

Action                     |  1- 3 |  4- 6 |  7- 9 || total
---------------------------+-------+-------+-------++-------
  Melee: War axe           |   124 |   190 |    35 ||   349
  Throw: Javelin           |       |    13 |       ||    13
         Boomerang         |       |       |    13 ||    13
    Use: Scroll            |     2 |    11 |     1 ||    14
         Potion            |       |     2 |       ||     2
 Armour: Scale mail        |    66 |   109 |    17 ||   192
  Dodge: Dodged            |    58 |    85 |    19 ||   162
  Block: Buckler           |    22 |    34 |    11 ||    67

Table legend:
 A = Non-vault XP
 B = Vault XP
 C = Vault XP percentage of total XP
 D = Non-vault monster count
 E = Vault monster count
 F = Vault count percentage of total count
                 A         B        C        D         E       F
            +---------+---------+-------+---------+---------+-------
      Total |     571 |     372 |  39.4 |     110 |       4 |   3.5
            +---------+---------+-------+---------+---------+-------
        D:1 |      43 |       0 |   0.0 |      26 |       0 |   0.0
        D:2 |     146 |      68 |  31.8 |      28 |       2 |   6.7
        D:3 |     245 |       0 |   0.0 |      28 |       0 |   0.0
        D:4 |     137 |     304 |  68.9 |      28 |       2 |   6.7
            +---------+---------+-------+---------+---------+-------
